 Dungeon Crawl Stone Soup version bcrawl-1.28.1b (webtiles) character file.

Game seed: 4167258630474804213

196939 Adamkad1 the Ruffian (level 7, -2/58 HPs)
             Began as a Yellow Draconian Transmuter on Dec 12, 2020.
             Slain by Pikel
             ... wielding a +2 whip of flaming
              (3 damage)
             ... on level 4 of the Dungeon.
             The game lasted 00:08:08 (3941 turns).

Adamkad1 the Ruffian (Yellow Draconian Transmuter)  Turns: 3941, Time: 00:08:09

Health: -2/58      AC:  2    Str: 14    XL:     7   Next: 15%
Magic:  6/11       EV: 21    Int: 13    God:
Gold:   267        SH:  0    Dex: 17    Spells: 0/12 levels left

rFire    . . .     SeeInvis .     - Fangs (venom) (11.5)
rCold    . . .     Gourm    +   (shield currently unavailable)
rNeg     . . .     Faith    .   (armour unavailable)
rPois    x         Spirit   .   (helmet currently unavailable)
rElec    .         Reflect  .   (cloak currently unavailable)
rCorr    .         Harm     .   (gloves currently unavailable)
MR       .....                  (boots currently unavailable)
Stlth    ++........             b - amulet of the gourmand
HPRegen  0.19/turn              (no ring)
MPRegen  0.12/turn              (no ring)

@: spider-form (expiring), very slightly contaminated
A: tiny, (spit acid), (acid resistance), unfitting armour, AC +6
a: End Transformation


You were on level 4 of the Dungeon.
You were hungry.
You were a venomous arachnid creature.
You visited 1 branch of the dungeon, and saw 4 of its levels.

You collected 267 gold pieces.

Inventory:

Missiles
 a - 543 arrows
Armour
 l - a +2 hat (melded)
 n - a +0 pair of boots
Jewellery
 b - an amulet of the gourmand (around neck)
Wands
 h - a wand of enslavement (9)
 s - a wand of flame (10)
Scrolls
 d - 6 scrolls of remove curse
 j - a scroll of fear
 k - a scroll of enchant armour {unknown}
 m - 2 scrolls of enchant weapon {unknown}
 p - a scroll of blinking {unknown}
 q - a scroll of identify
Potions
 c - 5 potions of lignification
 f - 2 potions of haste {unknown}
 g - a potion of resistance {unknown}
 i - 2 potions of mutation {unknown}
 o - a potion of cancellation {unknown}
 r - a potion of degeneration {unknown}
Comestibles
 e - 5 rations {!d}


   Skills:
 * Level 3.9 Fighting
 * Level 3.7 Dodging
 * Level 4.6 Unarmed Combat
 + Level 3.1 Spellcasting
 * Level 4.0 Transmutations


You couldn't memorise any spells.
You knew the following spells:

 Your Spells              Type           Power        Failure   Level  Hunger
a - Beastly Appendage     Tmut           ##....       13%         1    None
b - Sticks to Snakes      Tmut           ##......     19%         2    #......
c - Passwall              Tmut/Erth      #.......     34%         2    #......
d - Spider Form           Tmut/Pois      #..          52%         3    ####...
e - Ice Form              Ice/Tmut       #.......     86%         4    #####..

Your spell library contained the following spells:

 Spells                   Type           Power        Failure   Level  Hunger
 Blade Hands              Tmut           ##........   90%         5    ######.


Dungeon Overview and Level Annotations

Branches:
Dungeon (4/12)
 Temple: D:4-7

Altars:

Annotations:
D:4 Pikel


Innate Abilities, Weirdness & Mutations

((You can spit globs of acid.))
((You are resistant to acid.))
((Your golden yellow scales are hard. (AC +6)))
You cannot fit into any form of body armour.
((You are cold-blooded and may be slowed by cold attacks.))


Message History

* * * LOW HITPOINT WARNING * * *
You hit Pikel but do no damage.
Pikel looks more poisoned.
The slave completely misses you. The slave barely misses you.
Pikel hits you with a +2 whip of flaming.
* * * LOW HITPOINT WARNING * * *
Pikel burns you.
* * * LOW HITPOINT WARNING * * *
The slave completely misses you. Pikel closely misses you.
Your transformation is almost over.
You have got your breath back.
You barely miss Pikel.
Pikel is moderately wounded.
Pikel barely misses you.
You closely miss Pikel.
Pikel is moderately wounded.
Pikel hits you with a +2 whip of flaming!
* * * LOW HITPOINT WARNING * * *
Pikel burns you.
You die...

######### #.......# #.......#
#.......# #.......# #
#.......# #.####.......##
#..sKpp.......######
#.##########...............
###.#..................######
............................
..#.#####.##########.#.####
#.#.# #.# ######+#'####
#...#####.#####..........##
#...#...p.....'..........##
#...#p###.#####............


You could see Pikel and 2 slaves.

Vanquished Creatures
  Sigmund (D:4)
  A slave (D:3)
  2 jellies (D:2)
  3 orc priests
  A worker ant (D:3)
  Robin (D:3)
  7 adders
  11 oozes (D:2)
  2 worms (D:3)
  2 dart slugs
  2 leopard geckos (D:2)
  11 orcs
  5 ball pythons
  3 giant cockroaches
  11 goblins
  20 hobgoblins
  4 jackals (D:3)
  16 kobolds
  A quokka (D:2)
  5 bats
  4 frilled lizards
  9 rats
122 creatures vanquished.

Vanquished Creatures (others)
  2 fungi (D:2)
  12 toadstools (D:2)
14 creatures vanquished.

Grand Total: 136 creatures vanquished

Notes
Turn   | Place    | Note
-------+----------+-------------------------------------------
     0 | D:1      | Adamkad1 the Draconian Transmuter began the quest for the
                  | Orb.
     0 | D:1      | Reached XP level 1. HP: 16/16 MP: 3/3
   217 | D:1      | Reached XP level 2. HP: 23/23 MP: 3/5
   908 | D:2      | Reached XP level 3. HP: 29/29 MP: 4/6
  1510 | D:2      | Reached XP level 4. HP: 11/36 MP: 5/7
  1651 | D:2      | Learned a level 2 spell: Sticks to Snakes
  1654 | D:2      | Learned a level 2 spell: Passwall
  1730 | D:2      | Reached XP level 5. HP: 27/42 MP: 6/8
  2336 | D:2      | Learned a level 3 spell: Spider Form
  2517 | D:3      | Reached XP level 6. HP: 50/51 MP: 10/10
  2730 | D:3      | Noticed Robin
  2767 | D:3      | Killed Robin
  3444 | D:4      | Noticed Sigmund
  3472 | D:4      | Killed Sigmund
  3473 | D:4      | Your scales start taking on a golden yellow colour.
  3473 | D:4      | Reached XP level 7. HP: 32/58 MP: 5/11
  3648 | D:4      | Noticed Pikel
  3691 | D:3      | Learned a level 4 spell: Ice Form
  3941 | D:4      | HP: 1/58 [Pikel/+2 whip of flaming (11)]
  3941 | D:4      | Slain by Pikel

Skill      XL: |  1  2  3  4  5  6 |
---------------+-------------------+-----
Dodging        | 2 3 |  3.7
Fighting       | 2 3 |  3.9
Transmutations | 3 4 |  4.0
Unarmed Combat | 4 |  4.6
Spellcasting   | 3 |  3.1

Action                   |  1- 3 |  4- 6 |  7- 9 || total
-------------------------+-------+-------+-------++-------
Melee: Unarmed           |   140 |   225 |    34 ||   399
       Tailslap          |    11 |    20 |     3 ||    34
       Headbutt          |     9 |       |       ||     9
       Kick              |     9 |    25 |     1 ||    35
       Punch             |     2 |     2 |     1 ||     5
 Cast: Beastly Appendage |    25 |    25 |     1 ||    51
       Spider Form       |       |     4 |     1 ||     5
 Abil: Breathe Acid      |       |       |     1 ||     1
Evoke: Wand              |       |       |     3 ||     3
  Use: Scroll            |     1 |     4 |       ||     5
 Stab: Sleeping          |     1 |     1 |       ||     2
  Eat: Chunk             |     5 |     9 |     3 ||    17
       Ration            |       |     1 |       ||     1
Armor: Skin              |    45 |    61 |     9 ||   115
Dodge: Dodged            |    78 |   134 |    36 ||   248
